 Dungeon Sprint DCSS version 0.25.1-8-g42b30a86e7 (webtiles) character file.

Game seed: 5074536588600368021

448 Groucho the Unseen (level 6, 0/33 HPs)
             Began as a Spriggan Assassin on Dec 1, 2020.
             Succumbed to a worker ant's poison
             ... in the Dungeon (Sprint II: "The Violet Keep of Menkaure").
             The game lasted 00:01:46 (480 turns).

Groucho the Unseen (Spriggan Assassin)               Turns: 480, Time: 00:01:46

Health: 0/33       AC:  3    Str:  8    XL:     6   Next: 73%
Magic:  7/7        EV: 23    Int: 12    God:
Gold:   243        SH:  0    Dex: 19    Spells: 5/5 levels left

rFire    . . .     SeeInvis +   a - +2 dagger
rCold    . . .     Gourm    .   (shield restricted)
rNeg     . . .     Faith    .   b - +0 robe
rPois    .         Spirit   .   (helmet restricted)
rElec    .         Reflect  .   c - +0 cloak
rCorr    .         Harm     .   (gloves unavailable)
MR       +....     NoTele   +   (boots unavailable)
Stlth    +++++++...             (no amulet)
HPRegen  0.11/turn              (no ring)
MPRegen  0.10/turn              (no ring)

@: lethally poisoned (0 -> -21), very quick
A: very small, unfitting armour, see invisible, herbivore, speed 3, slow
metabolism 2
a: no special abilities


You were in the Dungeon.
You were not hungry.

You visited 1 branch You collected 243 gold pieces.

Inventory:

Hand Weapons
 a - a +2 dagger (weapon)
Missiles
 d - 8 poisoned darts (quivered)
 e - 2 curare-tipped darts
Armour
 b - a +0 robe (worn)
 c - a +0 cloak (worn)
Scrolls
 l - a scroll of blinking
Potions
 j - 2 potions of magic
Comestibles
 f - a ration


   Skills:
 + Level 4.0 Fighting
 + Level 5.3 Short Blades
 - Level 2.0 Throwing
 + Level 6.6 Dodging
 - Level 18.0 Stealth


You had 5 spell levels left.
You didn't know any spells.
Your spell library was empty.

Dungeon Overview and Level Annotations

Branches:
Dungeon (1/1)

Altars:


Innate Abilities, Weirdness & Mutations

You are very small and have problems with some larger weapons.
You are too small for most types of armour.
You have supernaturally acute eyesight. (SInv)
You are a herbivore.
You cover ground extremely quickly.
You need to consume almost no food.


Message History

You hit the worker ant but do no damage.
The worker ant is almost dead.
* * * LOW HITPOINT WARNING * * *
You feel sick. The worker ant bites you.
* * * LOW HITPOINT WARNING * * *
You are more poisoned.
The worker ant poisons you!
You closely miss the worker ant.
The worker ant is almost dead.
* * * LOW HITPOINT WARNING * * *
You feel sick.
You hit the worker ant.
The worker ant is almost dead.
* * * LOW HITPOINT WARNING * * *
You feel sick. The worker ant barely misses you.
Unknown command.
You hit the worker ant.
You kill the worker ant!
Your Fighting skill increases to level 4!
You die...

°≈ ≈° +++#
... ##+##
##.#.##
#..#..# #
#.#.#### #.
#@###.##
#H##.##...#
#+.a.÷#
#H##.##...#
#. #'# #.##
# #$# ##
.#. #. .#
## ##


You could see a worker ant.

Vanquished Creatures
  Menkaure (D)
  4 necrophages (D)
  A worker ant (D)
6 creatures vanquished.

Vanquished Creatures (others)
  A tyrant leech (D)
  A crocodile (D)
2 creatures vanquished.

Grand Total: 8 creatures vanquished

Notes
Turn   | Place    | Note
-------+----------+-------------------------------------------
     0 | D        | Groucho the Spriggan Assassin began the quest for the Orb.
     0 | D        | Reached XP level 1. HP: 10/10 MP: 2/2
     1 | D        | Noticed a hippogriff
     1 | D        | Noticed a hippogriff
     5 | D        | Noticed a necrophage
     5 | D        | Noticed a necrophage
     5 | D        | Noticed a necrophage
     5 | D        | Noticed a necrophage
    10 | D        | Killed a necrophage
    10 | D        | Reached skill level 13 in Stealth
    10 | D        | Reached XP level 2. HP: 14/14 MP: 3/3
    10 | D        | Reached XP level 3. HP: 18/18 MP: 4/4
    10 | D        | Reached XP level 4. HP: 22/22 MP: 5/5
    20 | D        | Killed a necrophage
    20 | D        | Reached skill level 16 in Stealth
    20 | D        | Reached XP level 5. HP: 25/25 MP: 6/6
    29 | D        | Killed a crocodile
    31 | D        | Killed a necrophage
    31 | D        | Reached skill level 18 in Stealth
    47 | D        | HP: 1/22 [necrophage (5)]
    55 | D        | Killed a necrophage
    55 | D        | Reached XP level 6. HP: 3/32 MP: 7/7
   103 | D        | Noticed a tyrant leech
   105 | D        | Noticed Menkaure
   107 | D        | Killed Menkaure
   107 | D        | Reached skill level 5 in Short Blades
   212 | D        | Killed a tyrant leech
   479 | D        | HP: 1/33 [poisoned by a worker ant]
   480 | D        | Succumbed to a worker ant's poison

Illustrated notes

Levels and vault maps discovered:
D:        the_violet_keep_of_menkaure [sprint2_stairs_cluster_1,
          sprint2_shoproom, sprint2_temple, sprint2_basic_supplies,
          sprint2_obstacle_3, sprint2_obstacle_7, sprint2_obstacle_5,
          sprint2_obstacle_4, sprint2_obstacle_1, sprint2_timed_cluster_1,
          sprint2_smallroom_cluster_1, sprint2_smallroom_final_cluster_1,
          sprint2_transparent_cluster_1, sprint2_second_timed_cluster_1,
          sprint2_sniper_area_1, sprint2_heavy_combat_area_1,
          sprint2_mutation_trap_area_1, sprint2_forest_area_1,
          sprint2_light_combat_area_1, sprint2_behind_water_1,
          sprint2_near_end_vault_1]

Skill      XL: |  1  2  3  4  5  6 |
---------------+-------------------+-----
Stealth        | 13 16 18 | 18.0
Fighting       | 3 4 |  4.0
Short Blades   | 4 5 |  5.3
Dodging        | 4 6 |  6.6
Throwing       | |  2.0

Action                   |  1- 3 |  4- 6 || total
-------------------------+-------+-------++-------
Melee: Dagger            |     4 |    69 ||    73
  Use: Potion            |     1 |     3 ||     4
 Stab: Distracted        |       |     1 ||     1
Armor: Robe              |       |     3 ||     3
Dodge: Dodged            |     1 |    41 ||    42
